 Dungeon Sprint DCSS version 0.23.2-30-g0e89c35649 (webtiles) character file.

Game seed: 13949457960702960143

112 HASTUR3 the Skirmisher (level 4, -1/40 HPs)
             Began as a Demonspawn Chaos Knight on June 17, 2019.
             Was a Plaything of Xom.
             Killed from afar by a deep elf mage (12 damage)
             ... with a bolt of fire
             ... in the Dungeon (Sprint III: "The Ten Rune Challenge").
             The game lasted 00:03:16 (229 turns).

HASTUR3 the Skirmisher (Demonspawn Chaos Knight)     Turns: 229, Time: 00:03:17

Health: -1/40      AC:  7    Str: 15    XL:     4   Next: 64%
Magic:  4/4        EV: 14    Int: 13    God:    Xom [....*.]
Gold:   28         SH:  0    Dex: 13    Spells: 3/3 levels left

rFire    + . .     SeeInvis .     - Unarmed
rCold    . . .     Gourm    .   (no shield)
rNeg     . . .     Faith    .   a - +2 leather armour
rPois    .         Spirit   .   (helmet restricted)
rElec    .         Reflect  .   (no cloak)
rCorr    .         Harm     .   (no gloves)
MR       .....     NoTele   +   (no boots)
Stlth    +.........             (no amulet)
HPRegen  0.13/turn              (no ring)
MPRegen  0.09/turn              (no ring)

@: no status effects
A: antennae 1, claws 1, iridescent scales 1, fire resistance 1, strong 1
a: Renounce Religion


You were in the Dungeon.
You worshipped Xom.
You were a beloved toy of Xom.
You were not hungry.

You visited 1 branch You collected 28 gold pieces.

Inventory:

Armour
 a - a +2 leather armour (worn)
Scrolls
 h - a scroll of blinking
 k - 2 scrolls of torment {unknown}
 l - 4 scrolls of remove curse
 n - a scroll of identify {unknown}
Potions
 f - 2 potions of magic
 j - a potion of degeneration {unknown}
 m - 3 potions of flight
Comestibles
 b - 3 rations
 i - 2 chunks of flesh


   Skills:
 - Level 5.7 Fighting
 - Level 1.7 Armour
 - Level 5.0 Dodging
 + Level 5.7 Unarmed Combat


You had 3 spell levels left.
You didn't know any spells.
Your spell library contained the following spells:

 Spells                   Type           Power        Failure   Level  Hunger
 Magic Dart               Conj           #...         36%         1    ##.....
 Blink                    Tloc           N/A          50%         2    ###....
 Call Imp                 Summ           #.......     50%         2    ###....
 Slow                     Hex            #.......     50%         2    ###....
 Conjure Flame            Conj/Fire      #.......     75%         3    ####...
 Mephitic Cloud           Conj/Pois/Air  #.......     75%         3    ####...


Dungeon Overview and Level Annotations

Branches:
Dungeon (1/1)

Altars:
Elyvilon
Kikubaaqudgha
Sif Muna
Vehumet
Zin
The Shining One


Innate Abilities, Weirdness & Mutations

You have sharp fingernails.
You are partially covered in iridescent scales. (AC +2)
Your flesh is heat resistant. (rF+)
You have a pair of small antennae on your head.
Your muscles are strong. (Str +2)


Message History

You close the door.
A deep elf mage opens the door.
The deep elf mage drinks a potion.
The deep elf mage is healed!
There is an open door here.
You barely miss the deep elf mage. Your claw misses the deep elf mage.
The deep elf mage is lightly wounded.
The deep elf mage hits you with a +2 long sword of holy wrath.
You convulse.
You scratch the deep elf mage but do no damage.
The deep elf mage is lightly wounded.
The deep elf mage hits you with a +2 long sword of holy wrath.
* * * LOW HITPOINT WARNING * * *
You convulse.
* * * LOW HITPOINT WARNING * * *
You feel better.
You miss the deep elf mage.
The deep elf mage gestures at you while chanting.
The bolt of fire hits you! You resist.
You die...
Xom roars with laughter!

▓▓▓▓▓ ▓▓▓ #(..####
##.#####
#......#####..#___#
#.......#..#..#...# {
##.##...#..#..###'#+###+##
##.###..##'#..#.@e.......#
###.##..###...'.⌠........#
#..##.÷####...#...######+#
...##..###....#.⌠)#
÷.##...##.....#)..#{
.##....#......#'###
###..##.#.....#...# # #..
####....#___# ▓ ▓▓▓
▓▓▓▓▓▓▓▓▓▓


You could see a deep elf mage.

Vanquished Creatures
  A wizard (D)
  A human (D)
  An ooze (D)
  A phantom (D)
  3 rats (D)
7 creatures vanquished.

Vanquished Creatures (collateral kills)
  A water elemental (D)
  A kobold demonologist (D)
2 creatures vanquished.

Vanquished Creatures (others)
  A draconian scorcher (D)
  6 hellions (D)
  A yaktaur (D)
  2 plants (D)
10 creatures vanquished.

Grand Total: 19 creatures vanquished

Notes
Turn   | Place    | Note
-------+----------+-------------------------------------------
     0 | D        | HASTUR3 the Demonspawn Chaos Knight began the quest for the
                  | Orb.
     0 | D        | Reached XP level 1. HP: 18/18 MP: 1/1
    55 | D        | XOM: harmless Conj miscast
    63 | D        | Gained mutation: Your flesh is heat resistant. (rF+)
                  | [demonic ancestry]
    63 | D        | Reached XP level 2. HP: 14/25 MP: 2/2
    67 | D        | Gained mutation: You have sharp fingernails. [demonic
                  | ancestry]
    67 | D        | Reached XP level 3. HP: 17/30 MP: 3/3
    79 | D        | Killed a hellion
   100 | D        | Killed a hellion
   100 | D        | Killed a hellion
   101 | D        | Killed a hellion
   102 | D        | Killed a hellion
   114 | D        | XOM: silly message
   132 | D        | Gained mutation: You have sharp toenails. [potion of
                  | mutation]
   132 | D        | Gained mutation: You expend magic power (3 MP) to
                  | strengthen your wands. [potion of mutation]
   132 | D        | Killed a hellion
   133 | D        | Lost mutation: You expend magic power (3 MP) to strengthen
                  | your wands. [potion of mutation]
   133 | D        | Lost mutation: You have sharp toenails. [potion of
                  | mutation]
   133 | D        | Gained mutation: You expend magic power (3 MP) to
                  | strengthen your wands. [potion of mutation]
   133 | D        | Gained mutation: You are resistant to electric shocks.
                  | (rElec) [potion of mutation]
   134 | D        | Lost mutation: You expend magic power (3 MP) to strengthen
                  | your wands. [potion of mutation]
   134 | D        | Lost mutation: You are resistant to electric shocks.
                  | (rElec) [potion of mutation]
   134 | D        | Gained mutation: You possess an exceptional clarity of
                  | mind. [potion of mutation]
   134 | D        | Gained mutation: You have large cloven feet. [potion of
                  | mutation]
   135 | D        | Lost mutation: You have large cloven feet. [potion of
                  | mutation]
   135 | D        | Lost mutation: You possess an exceptional clarity of mind.
                  | [potion of mutation]
   135 | D        | Gained mutation: Your muscles are strong. (Str +2) [potion
                  | of mutation]
   135 | D        | Gained mutation: You have a pair of small antennae on your
                  | head. [potion of mutation]
   141 | D        | Noticed a water elemental
   142 | D        | XOM: summons 3 friendly demons
   147 | D        | Killed a water elemental
   147 | D        | Reached skill level 5 in Fighting
   147 | D        | Reached skill level 5 in Unarmed Combat
   147 | D        | Gained mutation: You are partially covered in iridescent
                  | scales. (AC +2) [demonic ancestry]
   147 | D        | Reached XP level 4. HP: 20/39 MP: 4/4
   153 | D        | Found a radiant altar of Vehumet.
   153 | D        | Found a deep blue altar of Sif Muna.
   153 | D        | Found an ancient bone altar of Kikubaaqudgha.
   153 | D        | Noticed a wizard
   173 | D        | Paralysed by a wizard for 6 turns
   186 | D        | Killed a wizard
   186 | D        | Reached skill level 5 in Dodging
   191 | D        | Killed a yaktaur
   194 | D        | Killed a white draconian scorcher
   207 | D        | Found a glowing silver altar of Zin.
   207 | D        | Found a glowing golden altar of the Shining One.
   207 | D        | Found a white marble altar of Elyvilon.
   208 | D        | Noticed a deep elf mage
   229 | D        | Killed from afar by a deep elf mage

Skill      XL: |  1  2  3  4 |
---------------+-------------+-----
Dodging        | 3 4 5 |  5.0
Unarmed Combat | 4 5 |  5.7
Fighting       | 4 5 |  5.7
Armour         | |  1.7

Action                   |  1- 3 |  4- 6 || total
-------------------------+-------+-------++-------
Melee: Unarmed           |    24 |    33 ||    57
       Punch             |       |     1 ||     1
  Use: Potion            |     6 |     4 ||    10
Armor: Leather armour    |     4 |     6 ||    10
Dodge: Dodged            |     9 |     8 ||    17
